 Dungeon Crawl Stone Soup version 0.18.1-1-g2f07953 (webtiles) character file.

1175 oplop the Covert (level 8, -11/43 HPs)
             Began as a Vine Stalker Assassin on May 7, 2016.
             Was a Believer of Dithmenos.
             Splashed by a crimson imp's acid (15 damage)
             ... on level 5 of the Dungeon.
             The game lasted 00:14:08 (3998 turns).

oplop the Covert (Vine Stalker Assassin)            Turns: 3998, Time: 00:14:08

Health: -11/43     AC:  6    Str: 13    XL:     8   Next: 41%
Magic:  0/9        EV: 12    Int: 11    God:    Dithmenos [**....]
Gold:   238        SH:  0    Dex: 19    Spells: 0 memorised, 7 levels left

rFire  . . .     SeeInvis .     a - +2 dagger
rCold  . . .     Gourm    .     c - +0 robe
rNeg   . . .     Faith    .     (no shield)
rPois  .         Spirit   +     x - +2 helmet
rElec  .         Dismiss  .     d - +0 cloak
rCorr  .         Reflect  .     j - +2 pair of gloves
SustAt .         Harm     .     r - +0 pair of boots
MR     +....                    (no amulet)
Stlth  +++++.....               (no ring)
                                (no ring)

@: corroded, wreathed by umbra, somewhat resistant to hostile enchantments,
quite stealthy
A: fangs 3, regeneration 2, magic shield, antimagic bite, no device heal 3, rot
immunity
a: Shadow Step, Renounce Religion


You were on level 5 of the Dungeon.
You worshipped Dithmenos.
Dithmenos was pleased with you.
You were hungry.

You visited 1 branch of the dungeon, and saw 6 of its levels.

You collected 238 gold pieces.

Inventory:

Hand Weapons
 a - a +2 dagger (weapon)
 b - a +0 blowgun
Missiles
 e - 24 poisoned needles
 f - a curare-tipped needle
 s - 4 needles of confusion
 y - 2 tomahawks (quivered)
Armour
 c - a +0 robe (worn)
 d - a +0 cloak (worn)
 j - a +2 pair of gloves (worn)
 r - a +0 pair of boots (worn)
 x - a +2 helmet (worn)
Wands
 p - a wand of digging (16/24)
Scrolls
 l - 3 scrolls of enchant weapon {unknown}
 m - 2 scrolls of teleportation
 n - 7 scrolls of identify {unknown}
 t - 4 scrolls of random uselessness {unknown}
 u - a scroll of immolation {unknown}
 v - 6 scrolls of remove curse {unknown}
 w - a scroll of noise {unknown}
Potions
 h - 2 potions of curing
 q - a potion of cure mutation {unknown}
 A - a potion of degeneration {unknown}
 B - a potion of might {unknown}
 C - a potion of invisibility {unknown}
Comestibles
 g - 3 bread rations
 i - 17 chunks of flesh
 k - 2 beef jerkies
 z - 2 meat rations


   Skills:
 + Level 5.2 Fighting
 + Level 5.3 Short Blades
 - Level 1.7 Throwing
 - Level 0.7 Dodging
 + Level 9.1 Stealth


You had 7 spell levels left.
You didn't know any spells.

Dungeon Overview and Level Annotations

Branches:
Dungeon (6/15)             Temple (0/1) D:4

Altars:
Ashenzari
Dithmenos
Fedhas
Pakellas

Annotations:
D:5 namelastname112's ghost, novice DrCj
D:6 Yehuk's ghost, novice GrFi


Innate Abilities, Weirdness & Mutations

You have razor-sharp teeth.
You heal very quickly.
When hurt, damage is shared between your health and your magic reserves.
Your bite disrupts and absorbs the magic of your enemies.
Potions and wands cannot restore your health.
You are immune to rotting.


Message History

The crimson imp zaps a wand.
The bolt of acid hits you!
The acid burns!
It is a wand of acid.
Things that are here:
a dagger; a robe; an orc corpse Unknown command.
You hit the crimson imp.
The crimson imp is lightly wounded.
The crimson imp hits you but does no damage.
Unknown command.
You hit the crimson imp. Your bite misses the crimson imp.
The crimson imp is moderately wounded.
The eye of draining gazes at you.
You feel your power leaking away.
Unknown command.
You hit the crimson imp.
The crimson imp is heavily wounded.
The crimson imp zaps a wand.
The bolt of acid hits you!
* * * LOW HITPOINT WARNING * * *
The acid corrodes you!
The acid burns!
You die...

..............###................
.................................
.................................
................................#
.........########################
.........#.....#.(...# ....#
.........#.....#..G..#.....# ##
.........#..#..#5.#..#..#..# #.
.........#..#..#@.#..#..#..###'#.
.........#..#.....#.....#......##
.........#..#.....#ooo..#..... #
.........#..#####################
....#..###.......................
.......#.#.......................
.........#..####################.
.......#.#..#[....#.....#......#.
....##.#.#..#..รท..#.....#......##


You could see an eye of draining and a crimson imp.

Vanquished Creatures
  A phantom (D:5)
  A sky beast (D:5)
  4 ogres
  A scorpion (D:5)
  2 howler monkeys (D:5)
  2 hounds
  2 orc priests
  3 orc wizards
  A giant frog skeleton (D:4)
  An iguana (D:4)
  3 worker ants
  A worker ant zombie (D:5)
  4 gnolls (D:3)
  2 adders
  3 oozes (D:1)
  An adder zombie (D:5)
  A worm (D:2)
  4 dart slugs
  3 giant geckos
  11 orcs
  A ball python (D:2)
  12 bats
  9 giant cockroaches
  6 goblins
  9 hobgoblins
  7 jackals
  A quokka (D:5)
  A giant gecko skeleton (D:5)
  4 giant newts
  A jackal skeleton (D:5)
  5 kobolds
  7 rats
114 creatures vanquished.

Notes
Turn   | Place    | Note
--------------------------------------------------------------
     0 | D:1      | oplop the Vine Stalker Assassin began the quest for the Orb.
     0 | D:1      | Reached XP level 1. HP: 11/11 MP: 2/2
    16 | D:1      | Reached skill level 5 in Stealth
    90 | D:1      | Reached XP level 2. HP: 11/15 MP: 3/3
   255 | D:1      | Reached XP level 3. HP: 18/18 MP: 4/4
   661 | D:2      | Found a shadowy altar of Dithmenos.
   730 | D:2      | Became a worshipper of Dithmenos the Shadowed
   920 | D:2      | Reached XP level 4. HP: 23/23 MP: 5/5
  1087 | D:2      | Reached skill level 6 in Stealth
  1481 | D:3      | Reached XP level 5. HP: 17/28 MP: 3/6
  1654 | D:3      | Reached * piety under Dithmenos
  2412 | D:4      | Gained mutation: You heal very quickly. [Vine Stalker growth]
  2412 | D:4      | Reached XP level 6. HP: 29/32 MP: 7/7
  2419 | D:4      | Reached skill level 7 in Stealth
  2455 | D:4      | Found a staircase to the Ecumenical Temple.
  3011 | D:4      | Found an oddly glowing altar of Pakellas.
  3133 | D:4      | Reached XP level 7. HP: 37/37 MP: 8/8
  3194 | D:5      | Entered Level 5 of the Dungeon
  3256 | D:5      | Found a blossoming altar of Fedhas.
  3361 | D:5      | Noticed namelastname112's ghost (novice DrCj)
  3443 | D:6      | Reached skill level 8 in Stealth
  3468 | D:6      | Noticed Yehuk's ghost (novice GrFi)
  3523 | D:5      | Found a shattered altar of Ashenzari.
  3724 | D:5      | Reached ** piety under Dithmenos
  3787 | D:5      | Gained mutation: You have razor-sharp teeth. [Vine Stalker growth]
  3787 | D:5      | Reached XP level 8. HP: 28/42 MP: 6/9
  3847 | D:5      | Reached skill level 5 in Short Blades
  3882 | D:5      | Reached skill level 5 in Fighting
  3906 | D:5      | Reached skill level 9 in Stealth
  3998 | D:5      | Splashed by a crimson imp's acid

Skill      XL: |  1  2  3  4  5  6  7  8 |
---------------+-------------------------+-----
Stealth        | 5 6 7 8 9 |  9.1
Short Blades   | 2 3 4 5 |  5.3
Fighting       | 2 3 4 5 |  5.2
Throwing       | |  1.7
Dodging        | |  0.7

Action                   |  1- 3 |  4- 6 |  7- 9 || total
-------------------------+-------+-------+-------++-------
Melee: Dagger            |    85 |   181 |   153 ||   419
       Bite              |    17 |    50 |    53 ||   120
 Fire: Blowgun           |       |    30 |    19 ||    49
  Use: Scroll            |       |       |     2 ||     2
 Stab: Sleeping          |    11 |    11 |     2 ||    24
       Distracted        |     1 |       |     2 ||     3
       Confused          |       |     2 |     2 ||     4
  Eat: Chunk             |       |     5 |     1 ||     6
       Royal jelly       |       |     1 |       ||     1
       Pizza             |       |       |     1 ||     1
Armor: Robe              |    18 |    64 |    45 ||   127
Dodge: Dodged            |    37 |   121 |    70 ||   228
